 Dungeon Crawl Stone Soup version 0.24-a0-789-g35933f4585 (webtiles) character file.

Game seed: 11088686388471864161, levelgen mode: deterministic

111 Johnny the Digger (level 4, 0/35 HPs)
             Began as a Demigod Earth Elementalist on Oct 10, 2019.
             Succumbed to Crazy Yiuf's poison
             ... on level 2 of the Dungeon.
             The game lasted 00:01:22 (1765 turns).

Johnny the Digger (Demigod Earth Elementalist)      Turns: 1765, Time: 00:01:23

Health: 0/35       AC:  2    Str: 11    XL:     4   Next: 36%
Magic:  10/10      EV: 13    Int: 21    God:
Gold:   111        SH:  0    Dex: 16    Spells: 6/7 levels left

rFire    . . .     SeeInvis .   l - +2 short sword (venom)
rCold    . . .     Gourm    .   (no shield)
rNeg     . . .     Faith    .   c - +0 robe
rPois    .         Spirit   +   (no helmet)
rElec    .         Reflect  .   (no cloak)
rCorr    .         Harm     .   (no gloves)
MR       .....                  (no boots)
Stlth    ++........             e - amulet of guardian spirit
HPRegen  0.11/turn              (no ring)
MPRegen  0.12/turn              (no ring)

@: lethally poisoned (0 -> -31)
A: high mp 1
a: no special abilities


You were on level 2 of the Dungeon.
You were not hungry.

You visited 1 branch of the dungeon, and saw 2 of its levels.

You collected 111 gold pieces.

Inventory:

Hand Weapons
 l - a +2 short sword of venom (weapon)
Missiles
 b - 41 stones (quivered)
Armour
 c - a +0 robe (worn)
Jewellery
 e - an amulet of guardian spirit (around neck)
Wands
 n - a wand of random effects (21)
Scrolls
 a - a scroll of enchant weapon {unknown}
 f - a scroll of enchant armour {unknown}
 i - 2 scrolls of identify {unknown}
 q - a scroll of remove curse {unknown}
Potions
 g - a potion of curing {unknown}
 h - a potion of might {unknown}
Comestibles
 d - 4 rations


   Skills:
 + Level 1.5 Fighting
 + Level 2.5 Dodging
 - Level 1.7 Stealth
 + Level 2.3 Spellcasting
   Level 0.8 Transmutations
 * Level 3.7 Earth Magic


You had 6 spell levels left.
You knew the following spells:

 Your Spells              Type           Power        Failure   Level  Hunger
a - Sandblast             Erth           ###...       3%          1    None

Your spell library contained the following spells:

 Spells                   Type           Power        Failure   Level  Hunger
 Passwall                 Tmut/Erth      ##......     9%          2    ##.....
 Stone Arrow              Conj/Erth      ##....       21%         3    ###....
 Petrify                  Tmut/Erth      ##......     50%         4    ####...
 Lee's Rapid Deconstruct  Erth           ###.......   63%         5    ######.


Dungeon Overview and Level Annotations

Branches:
Dungeon (2/15)


Innate Abilities, Weirdness & Mutations

You have an increased reservoir of magic. (+10% MP)


Message History

You feel very sick.
Unknown command.
It was a potion of flight.
You feel very buoyant.
You fly up into the air.
* * * LOW HITPOINT WARNING * * *
You feel sick.
It was a potion of haste.
You feel yourself speed up.
* * * LOW HITPOINT WARNING * * *
You feel very sick.
It was a potion of magic.
Magic courses through your body.
* * * LOW HITPOINT WARNING * * *
You feel sick.
Unknown command.
It was a potion of cancellation.
Your magical effects are unravelling.
You feel magically purged.
You feel yourself slow down.
You float gracefully downwards.
You die...

#...........#..##.#.#...#.#.####
#...<.........###...#...#...#
#...........### ###.#...###.#
#......###### #####..##.#
#......# #..##.# #......#
#..##.# #####.###♣♣ ### #..##.#
# #.....♣♣ ♣♣#)))# #..##.# #
#......♣♣♣♣@))).# #.....####
##.....)♣))♣#)))# #.........
##...)♣)♣♣♣ ### #.........
###♣♣♣♣♣ #.....###. #.........
######## #####......... #......#
#............. #......#
#........>.... #......#
#........#....


There were no monsters in sight!

Vanquished Creatures
  Crazy Yiuf (D:2)
  Terence (D:2)
  An adder (D:2)
  An ooze (D:2)
  A worm (D:2)
  2 dart slugs (D:1)
  2 leopard geckos (D:2)
  5 giant cockroaches
  A goblin (D:1)
  4 hobgoblins (D:1)
  5 bats
  A frilled lizard (D:1)
  4 kobolds (D:2)
  6 rats (D:1)
35 creatures vanquished.

Notes
Turn   | Place    | Note
-------+----------+-------------------------------------------
     0 | D:1      | Johnny the Demigod Earth Elementalist began the quest for
                  | the Orb.
     0 | D:1      | Reached XP level 1. HP: 14/14 MP: 5/5
   318 | D:1      | Reached XP level 2. HP: 18/22 MP: 7/7
   320 | D:1      | Reached skill level 3 in Earth Magic
  1188 | D:2      | Found a runed translucent door.
  1189 | D:2      | Noticed Crazy Yiuf
  1230 | D:2      | Reached skill level 1 in Fighting
  1230 | D:2      | Reached XP level 3. HP: 23/28 MP: 6/8
  1344 | D:2      | Found an iron altar of Okawaru.
  1487 | D:2      | Noticed Terence
  1498 | D:2      | Killed Terence
  1498 | D:2      | Reached XP level 4. HP: 25/35 MP: 6/10
  1761 | D:2      | Killed Crazy Yiuf
  1764 | D:2      | HP: 1/35 [poisoned by Crazy Yiuf]
  1765 | D:2      | Succumbed to Crazy Yiuf's poison

Levels and vault maps discovered:
D:1:      minmay_arrival_three_doors, layout_rooms
D:2:      layout_basic, lemuel_coloured_pillars_altar, first_ration,
          minmay_door_square, uniq_terence, uniq_crazy_yiuf_cottage

Skill      XL: |  1  2 |
---------------+-------+-----
Dodging        | 2 |  2.5
Earth Magic    | 3 |  3.7
Spellcasting   | 2 |  2.3
Fighting       | 1 |  1.5
Stealth        | |  1.7
Transmutations | |  0.8

Action                   |  1- 3 |  4- 6 || total
-------------------------+-------+-------++-------
Melee: Unarmed           |    41 |       ||    41
       Short sword       |    32 |       ||    32
 Cast: Sandblast         |    31 |     5 ||    36
  Use: Potion            |       |     4 ||     4
 Stab: Sleeping          |     3 |       ||     3
  Eat: Chunk             |     1 |     2 ||     3
Armor: Robe              |    13 |       ||    13
Dodge: Dodged            |    76 |       ||    76

Table legend:
 A = Non-vault XP
 B = Vault XP
 C = Vault XP percentage of total XP
 D = Non-vault monster count
 E = Vault monster count
 F = Vault count percentage of total count
                 A         B        C        D         E       F
            +---------+---------+-------+---------+---------+-------
      Total |      81 |      78 |  49.1 |      33 |       2 |   5.7
            +---------+---------+-------+---------+---------+-------
        D:1 |      37 |       0 |   0.0 |      21 |       0 |   0.0
        D:2 |      44 |      78 |  63.9 |      12 |       2 |  14.3
            +---------+---------+-------+---------+---------+-------
